PAA
AKRON BLIMPS @ OLYMPIA OGRES
06/05/2042
 
TOP OF THE 1ST
Akron Blimps batting - Pitching for Olympia Ogres : LHP José Torres
Pitching: LHP José Torres
Batting: RHB Ju-ho Ko 0-0: Ball
1-0: Ground out 6-3 (Groundball, 6, EV 82.5 MPH)
Batting: RHB Alohinani Puanani 0-0: Ball
1-0: Fly out, F9 (Flyball, 9S, EV 91.2 MPH)
Batting: LHB Leonardo Sánchez 0-0: Ball
1-0: Ball
2-0: Foul Ball, location: 2F
2-1: Ball
3-1: Base on Balls
Batting: LHB Numberto Pencíl 0-0: Called Strike
0-1: Ball
1-1: Ball
2-1: Called Strike
2-2: Foul Ball, location: 2F
2-2: Foul Ball, location: 2F
2-2: Fly out, F8 (Flyball, 8LM, EV 94.4 MPH)
Top of the 1st over - 0 runs, 0 hits, 0 errors, 1 left on base; Akron 0 - Olympia 0
BOTTOM OF THE 1ST
Olympia Ogres batting - Pitching for Akron Blimps : LHP Randy Ryan
Pitching: LHP Randy Ryan
Batting: LHB Jeffery Smith 0-0: Ball
1-0: SINGLE (Groundball, 6D, EV 105.0 MPH)
Batting: RHB Pepe Savinon 0-0: Ball
1-0: Fly out, F8 (Line Drive, 8LM, EV 95.0 MPH)
Batting: RHB Gyoo-jae Kil 0-0: Ball
Jeffery Smith steals 2nd base
1-0: Called Strike
1-1: Ball
2-1: Foul Ball, location: 2F
2-2: Ground out 1-3 (Groundball, 15S, EV 69.4 MPH)
Batting: SHB Nathan Brannon 0-0: Ball
1-0: Ground out 1-3 (Groundball, P, EV 81.2 MPH)
Bottom of the 1st over - 0 runs, 1 hit, 0 errors, 1 left on base; Akron 0 - Olympia 0
TOP OF THE 2ND
Akron Blimps batting - Pitching for Olympia Ogres : LHP José Torres
Batting: RHB Dave Hill 0-0: Called Strike
0-1: Foul Ball, location: 2F
0-2: Foul Ball, location: 2F
0-2: Ball
1-2: Ball
2-2: Foul Ball, location: 2F
2-2: Foul Ball, location: 2F
2-2: SINGLE (Flyball, 89M, EV 90.0 MPH)
Batting: RHB Víctor Martínez 0-0: Called Strike
0-1: Foul Ball, location: 2F
0-2: Strikes out swinging
Batting: SHB Salvador Berrocal 0-0: Called Strike
0-1: Swinging Strike
0-2: Foul Ball, location: 2F
0-2: Ball
1-2: Grounds into double play, 4-6-3 (Groundball, 4, EV 91.2 MPH)
Top of the 2nd over - 0 runs, 1 hit, 0 errors, 0 left on base; Akron 0 - Olympia 0
BOTTOM OF THE 2ND
Olympia Ogres batting - Pitching for Akron Blimps : LHP Randy Ryan
Batting: RHB Paul Stark 0-0: Called Strike
0-1: Ball
1-1: Foul Ball, location: 2F
1-2: Ball
2-2: Ball
3-2: Base on Balls
Batting: LHB Sariyah Fateen 0-0: Ball
1-0: Swinging Strike
1-1: Ball
2-1: Ball
3-1: Base on Balls
Paul Stark to second
Batting: LHB Aniq bin Mu'ayyad 0-0: SINGLE (Groundball, 6MD, EV 93.8 MPH)
Paul Stark to third
Sariyah Fateen to second
Runner from 3rd tries for Home, SAFE, no throw by CF
Batting: RHB Alfonso Pereyra 0-0: Ball
1-0: Ball
2-0: Ball
3-0: Called Strike
3-1: Grounds into double play, 6-4-3 (Groundball, 6, EV 81.9 MPH)
Sariyah Fateen to third
Batting: RHB Donald Boyd 0-0: Ball
1-0: Called Strike
1-1: Called Strike
1-2: Ground out 4-3 (Groundball, 4MS, EV 73.8 MPH)
Bottom of the 2nd over - 1 run, 1 hit, 0 errors, 1 left on base; Akron 0 - Olympia 1
TOP OF THE 3RD
Akron Blimps batting - Pitching for Olympia Ogres : LHP José Torres
Batting: RHB Hun-hyeon Kang 0-0: Ball
1-0: Ball
2-0: Ground out 5-3 (Groundball, 5, EV 101.2 MPH)
Batting: LHB Mike Fisher 0-0: Ball
1-0: Fly out, F6 (Popup, 6, EV 75.6 MPH)
Batting: RHB Ju-ho Ko 0-0: Swinging Strike
0-1: Ball
1-1: Ball
2-1: Ball
3-1: Base on Balls
Batting: RHB Alohinani Puanani Pickoff Throw to First - Error! E1
Ju-ho Ko to second
0-0: Swinging Strike
0-1: Ball
1-1: Ground out 2-3 (Groundball, 13S, EV 73.8 MPH)
Top of the 3rd over - 0 runs, 0 hits, 1 error, 1 left on base; Akron 0 - Olympia 1
BOTTOM OF THE 3RD
Olympia Ogres batting - Pitching for Akron Blimps : LHP Randy Ryan
Batting: LHB Jeffery Smith 0-0: Ball
1-0: Foul Ball, location: 2F
1-1: Ball
2-1: Called Strike
2-2: Fly out, F8 (Flyball, 78D, EV 100.6 MPH)
Batting: RHB Pepe Savinon 0-0: Called Strike
0-1: SINGLE (Groundball, 6, EV 79.4 MPH) (infield hit)
Batting: RHB Gyoo-jae Kil 0-0: Called Strike
Pepe Savinon steals 2nd base
0-1: Foul Ball, location: 2F
0-2: Ball
1-2: Strikes out swinging
Batting: SHB Nathan Brannon 0-0: SINGLE (Groundball, 6MD, EV 95.6 MPH)
Pepe Savinon to third
Runner from 3rd tries for Home, SAFE, no throw by CF
Batting: RHB Paul Stark 0-0: Ball
1-0: Ball
2-0: Ball
3-0: Called Strike
3-1: Called Strike
3-2: Ground out 6-3 (Groundball, 6S, EV 92.5 MPH)
Bottom of the 3rd over - 1 run, 2 hits, 0 errors, 1 left on base; Akron 0 - Olympia 2
TOP OF THE 4TH
Akron Blimps batting - Pitching for Olympia Ogres : LHP José Torres
Batting: LHB Leonardo Sánchez 0-0: Swinging Strike
0-1: Ball
1-1: Foul Ball, location: 2F
1-2: Foul Ball, location: 2F
1-2: Ball
2-2: Strikes out swinging
Batting: LHB Numberto Pencíl 0-0: SINGLE (Line Drive, 9LS, EV 106.2 MPH)
Batting: RHB Dave Hill 0-0: Ball
1-0: Foul Ball, location: 2F
1-1: SINGLE (Line Drive, 9LM, EV 98.8 MPH)
Numberto Pencíl to second
Pitching: LHP Roberto Sáenz
Batting: RHB Víctor Martínez 0-0: Called Strike
0-1: Fly out, F8 (Flyball, 78S, EV 84.4 MPH)
Batting: SHB Salvador Berrocal 0-0: Ball
1-0: Called Strike
1-1: Foul Ball, location: 2F
1-2: Strikes out swinging
Top of the 4th over - 0 runs, 2 hits, 0 errors, 2 left on base; Akron 0 - Olympia 2
BOTTOM OF THE 4TH
Olympia Ogres batting - Pitching for Akron Blimps : LHP Randy Ryan
Batting: LHB Sariyah Fateen 0-0: Called Strike
0-1: Foul Ball, location: 2F
0-2: Ball
1-2: Ground out 4-3 (Groundball, 4, EV 103.1 MPH)
Batting: LHB Aniq bin Mu'ayyad 0-0: SINGLE (Line Drive, 8RS, EV 106.9 MPH)
Batting: RHB Alfonso Pereyra 0-0: Called Strike
Pickoff Throw to First - Error! E1
Aniq bin Mu'ayyad to second
0-1: Ball
1-1: Called Strike
1-2: Ball
2-2: Ball
3-2: SINGLE (Groundball, 6D, EV 105.0 MPH)
Aniq bin Mu'ayyad to third
Runner from 3rd tries for Home, SAFE, no throw by CF
Batting: RHB Donald Boyd 0-0: Ball
1-0: Ball
2-0: Ball
3-0: Called Strike
3-1: Called Strike
3-2: Base on Balls
Alfonso Pereyra to second
Batting: LHB Jeffery Smith 0-0: Ball
1-0: Ball
2-0: Swinging Strike
2-1: Called Strike
2-2: Ball
3-2: Base on Balls
Alfonso Pereyra to third
Donald Boyd to second
Batting: RHB Pepe Savinon 0-0: Called Strike
0-1: Ball
1-1: Foul Ball, location: 2F
1-2: DOUBLE (Line Drive, 9LM, EV 114.4 MPH)
Alfonso Pereyra scores
Donald Boyd scores
Jeffery Smith to third
Runner from 3rd tries for Home, SAFE, throw by RF to trailing runner, SAFE at third!
Pitching: RHP Hyeon-uk Sa
Batting: RHB Gyoo-jae Kil 0-0: Swinging Strike
0-1: Ground out 6-3 (Groundball, 6, EV 92.5 MPH)
Pepe Savinon scores
Batting: SHB Nathan Brannon 0-0: Ball
1-0: SINGLE (Groundball, 4MD, EV 98.1 MPH)
Batting: RHB Paul Stark 0-0: Ball
1-0: Called Strike
1-1: Ball
2-1: Foul Ball, location: 2F
2-2: Strikes out swinging
Bottom of the 4th over - 5 runs, 4 hits, 1 error, 1 left on base; Akron 0 - Olympia 7
TOP OF THE 5TH
Akron Blimps batting - Pitching for Olympia Ogres : LHP Roberto Sáenz
Batting: RHB Hun-hyeon Kang 0-0: Foul Ball, location: 2F
0-1: Ball
1-1: Ground out 5-3 (Groundball, 56, EV 106.9 MPH)
Batting: LHB Mike Fisher 0-0: Called Strike
0-1: Ground out 6-3 (Groundball, 6, EV 98.1 MPH)
Batting: RHB Ju-ho Ko 0-0: Ball
1-0: Foul Ball, location: 2F
1-1: Ball
2-1: Called Strike
2-2: Foul Ball, location: 2F
2-2: Ball
3-2: SINGLE (Groundball, 56S, EV 71.9 MPH) (infield hit)
Batting: RHB Alohinani Puanani 0-0: Ball
1-0: Swinging Strike
1-1: SINGLE (Popup, 34D, EV 56.9 MPH)
Ju-ho Ko to second
Batting: LHB Leonardo Sánchez 0-0: Swinging Strike
0-1: Fly out, F9 (Flyball, 9S, EV 83.8 MPH)
Top of the 5th over - 0 runs, 2 hits, 0 errors, 2 left on base; Akron 0 - Olympia 7
BOTTOM OF THE 5TH
Olympia Ogres batting - Pitching for Akron Blimps : RHP Hyeon-uk Sa
Batting: LHB Sariyah Fateen 0-0: Called Strike
0-1: Ground out 4-3 (Groundball, 4, EV 83.1 MPH)
Batting: LHB Aniq bin Mu'ayyad 0-0: SINGLE (Groundball, 3D, EV 98.1 MPH)
Batting: RHB Alfonso Pereyra 0-0: Ball
1-0: Ball
2-0: SINGLE (Line Drive, 7S, EV 101.2 MPH)
Aniq bin Mu'ayyad to second
Batting: RHB Donald Boyd 0-0: Called Strike
0-1: Ball
1-1: Grounds into double play, 5-4-3 (Groundball, 56, EV 90.6 MPH)
Bottom of the 5th over - 0 runs, 2 hits, 0 errors, 1 left on base; Akron 0 - Olympia 7
TOP OF THE 6TH
Akron Blimps batting - Pitching for Olympia Ogres : LHP Roberto Sáenz
Batting: LHB Numberto Pencíl 0-0: SINGLE (Groundball, 4D, EV 98.8 MPH)
Batting: RHB Dave Hill 0-0: Ball
1-0: Called Strike
1-1: Ball
2-1: Swinging Strike
2-2: Ball
3-2: 2-RUN HOME RUN (Flyball, 78XD, EV 98.1 MPH), Distance : 365 ft
Batting: RHB Víctor Martínez 0-0: Ball
1-0: Ball
2-0: Ball
3-0: Ground out 5-3 (Groundball, 5S, EV 81.9 MPH)
Batting: SHB Salvador Berrocal 0-0: Ball
1-0: Swinging Strike
1-1: Foul Ball, location: 2F
1-2: Strikes out looking
Batting: RHB Hun-hyeon Kang 0-0: SINGLE (Line Drive, 7LS, EV 88.1 MPH)
Batting: LHB Mike Fisher 0-0: Ball
1-0: Called Strike
1-1: Ball
2-1: Ground out 4-3 (Groundball, 4, EV 103.8 MPH)
Top of the 6th over - 2 runs, 3 hits, 0 errors, 1 left on base; Akron 2 - Olympia 7
BOTTOM OF THE 6TH
Olympia Ogres batting - Pitching for Akron Blimps : RHP Hyeon-uk Sa
Batting: LHB Jeffery Smith 0-0: Called Strike
0-1: Swinging Strike
0-2: Foul Ball, location: 2F
0-2: Ball
1-2: Strikes out swinging
Batting: RHB Pepe Savinon 0-0: Called Strike
0-1: Ball
1-1: Foul Ball, location: 2F
1-2: Strikes out swinging
Batting: RHB Gyoo-jae Kil 0-0: Called Strike
0-1: Foul Ball, location: 2F
0-2: Ball
1-2: Strikes out swinging
Bottom of the 6th over - 0 runs, 0 hits, 0 errors, 0 left on base; Akron 2 - Olympia 7
TOP OF THE 7TH
Akron Blimps batting - Pitching for Olympia Ogres : LHP Roberto Sáenz
Batting: RHB Ju-ho Ko 0-0: Called Strike
0-1: Ball
1-1: SINGLE (Groundball, 5L, EV 95.0 MPH)
Batting: RHB Alohinani Puanani 0-0: Called Strike
0-1: Swinging Strike
0-2: Foul Ball, location: 2F
0-2: Ball
1-2: Foul Ball, location: 2F
1-2: Strikes out looking
Batting: LHB Leonardo Sánchez 0-0: Called Strike
0-1: Ball
1-1: Called Strike
1-2: Strikes out looking
Batting: LHB Numberto Pencíl 0-0: Ball
1-0: Ball
2-0: Called Strike
2-1: Ball
3-1: Ground out 4-3 (Groundball, 4, EV 83.8 MPH)
Top of the 7th over - 0 runs, 1 hit, 0 errors, 1 left on base; Akron 2 - Olympia 7
BOTTOM OF THE 7TH
Olympia Ogres batting - Pitching for Akron Blimps : RHP Hyeon-uk Sa
Batting: SHB Nathan Brannon 0-0: Ball
1-0: Ball
2-0: Called Strike
2-1: Foul Ball, location: 2F
2-2: Ball
3-2: Strikes out swinging
Batting: RHB Paul Stark 0-0: Ball
1-0: Ball
2-0: Ball
3-0: Base on Balls
Batting: LHB Sariyah Fateen 0-0: Foul Ball, location: 2F
0-1: Foul Ball, location: 2F
0-2: Ball
1-2: Foul Ball, location: 2F
1-2: Ball
2-2: Strikes out swinging
Batting: LHB Aniq bin Mu'ayyad 0-0: Ball
1-0: Ball
2-0: Called Strike
2-1: Fly out, F7 (Flyball, 78S, EV 94.4 MPH)
Bottom of the 7th over - 0 runs, 0 hits, 0 errors, 1 left on base; Akron 2 - Olympia 7
TOP OF THE 8TH
Akron Blimps batting - Pitching for Olympia Ogres : LHP Roberto Sáenz
Batting: RHB Dave Hill 0-0: Fly out, F7 (Flyball, 78S, EV 91.2 MPH)
Batting: RHB Víctor Martínez 0-0: Ground out 6-3 (Groundball, 6, EV 87.5 MPH)
Batting: SHB Salvador Berrocal 0-0: Called Strike
0-1: Foul Ball, location: 2F
0-2: Foul Ball, location: 2F
0-2: Hit by Pitch
Pitching: LHP Esteban Vásquez
Batting: RHB Hun-hyeon Kang 0-0: Ball
1-0: Called Strike
1-1: Called Strike
1-2: Ball
2-2: Fly out, F7 (Flyball, 78D, EV 109.4 MPH)
Top of the 8th over - 0 runs, 0 hits, 0 errors, 1 left on base; Akron 2 - Olympia 7
BOTTOM OF THE 8TH
Olympia Ogres batting - Pitching for Akron Blimps : RHP Hyeon-uk Sa
Batting: RHB Alfonso Pereyra 0-0: Ball
1-0: Ball
2-0: SINGLE (Groundball, 56D, EV 105.0 MPH)
Pitching: RHP Henry Terry
Batting: RHB Donald Boyd 0-0: Ball
1-0: Foul Ball, location: 2F
1-1: Foul Ball, location: 2F
1-2: Ball
2-2: SINGLE (Groundball, 34D, EV 93.8 MPH)
Alfonso Pereyra to second
Runner from 2nd tries for 3rd, SAFE, throw by RF made to third
Batting: LHB Jeffery Smith 0-0: Ball
1-0: Ball
2-0: SINGLE (Groundball, 34S, EV 65.6 MPH) (infield hit)
Alfonso Pereyra scores
Donald Boyd to second
Pinch Runner at 1st Ramón Vegerano:
Batting: RHB Pepe Savinon 0-0: Ball
1-0: Fielders Choice at 2nd, 5-4 (Groundball, 56, EV 84.4 MPH)
Donald Boyd to third
Batting: RHB Gyoo-jae Kil 0-0: Fly out, F8 (Line Drive, 8LD, EV 102.5 MPH)
Runner from 3rd tags up, SCORES, throw by CF
Batting: SHB Nathan Brannon 0-0: Called Strike
0-1: Swinging Strike
0-2: Ball
1-2: Ball
2-2: Strikes out swinging
Bottom of the 8th over - 2 runs, 3 hits, 0 errors, 1 left on base; Akron 2 - Olympia 9
TOP OF THE 9TH
Akron Blimps batting - Pitching for Olympia Ogres : LHP Esteban Vásquez
Now in CF: David Walker
Batting: LHB Mike Fisher 0-0: Swinging Strike
0-1: Swinging Strike
0-2: Ball
1-2: Ball
2-2: Foul Ball, location: 2F
2-2: Ball
3-2: Ground out U3 (Groundball, 3L, EV 76.2 MPH)
Pinch Hitting: RHB Garrett Crocker 0-0: Ground out 5-3 (Groundball, 56S, EV 71.9 MPH)
Batting: RHB Alohinani Puanani 0-0: Called Strike
0-1: Foul Ball, location: 2F
0-2: Strikes out swinging
Top of the 9th over - 0 runs, 0 hits, 0 errors, 0 left on base; Akron 2 - Olympia 9
Friday, March 26th, 2021 - OOTP Baseball 20.8 Build 74